Map: Ephemeron LE

Players

Astrea

  • Race: Protoss Protoss
  • Spawn Location: 5:00

ShoWTimE - Winner!

  • Race: Protoss Protoss
  • Spawn Location: 11:00

Event: IEM Katowice 2020

VOD

Have the link to the VOD?

Description

Time

  • Played on: Feb. 24, 2020, 8:35 a.m.
  • Length: 11:19

All games in this series

Show
View Real Time Build Order
Export as new Build Order

Astrea Protoss 

Build Orders: Zealot Archon, Colossus Rush 

Get SALT Encoding   

  12  0:00  Probe  
  13  0:13  Probe  
  14  0:17  Pylon  
  14  0:25  Probe (Chrono Boost)  
  16  0:37  Probe (Chrono Boost)  
  16  0:38  Gateway  
  16  0:42  Probe (Chrono Boost)  
  16  0:46  Assimilator  
  17  0:51  Probe  
  17  0:55  Assimilator  
  18  1:03  Probe (Chrono Boost)  
  19  1:07  Gateway  
  19  1:13  Probe (Chrono Boost)  
  20  1:18  Probe  
  20  1:25  Cybernetics Core  
  21  1:30  Probe  
  22  1:35  Pylon  
  22  1:42  Probe  
  23  1:55  Probe  
  23  2:00  Warp Gate (Chrono Boost)  
  24  2:01  Stalker x2  
  24  2:07  Probe  
  29  2:13  Pylon  
  29  2:19  Probe  
  30  2:31  Probe  
  30  2:33  Sentry  
  30  2:34  Sentry  
  34  2:43  Probe  
  35  2:55  Probe  
  36  3:00  Nexus  
  36  3:02  Sentry  
  38  3:07  Shield Battery  
  39  3:15  Pylon  
  38  3:22  Robotics Facility  
  38  3:24  Probe  
  39  3:36  Probe  
  40  3:42  Stalker x2  
  44  3:48  Probe (Chrono Boost)  
  44  3:50  Pylon  
  45  4:00  Probe (Chrono Boost)  
  46  4:08  Probe (Chrono Boost)  
  46  4:09  Observer  
  48  4:10  Robotics Bay  
  48  4:12  Probe (Chrono Boost)  
  50  4:19  Adept  
  50  4:21  Probe (Chrono Boost)  
  50  4:22  Probe (Chrono Boost)  
  53  4:27  Probe (Chrono Boost)  
  53  4:28  Probe, Adept  
  57  4:38  Warp Prism (Chrono Boost)  
  57  4:39  Probe  
  57  4:44  Probe  
  61  4:52  Pylon  
  61  4:53  Probe  
  61  4:56  Probe  
  61  4:57  Gravitic Drive  
  61  4:59  Assimilator  
  63  5:01  Assimilator  
  63  5:05  Disruptor (Chrono Boost)  
  63  5:06  Probe  
  64  5:08  Probe  
  68  5:25  Forge  
  68  5:26  Gateway  
  68  5:27  Twilight Council  
  68  5:28  Gateway  
  68  5:29  Pylon  
  68  5:40  Probe x2  
  73  5:52  Protoss Ground Weapons Level 1 (Chrono Boost), Colossus (Chrono Boost)  
  73  5:53  Pylon  
  76  6:17  Nexus  
  72  6:27  Charge (Chrono Boost)  
  72  6:29  Gateway  
  72  6:30  Gateway  
  72  6:32  Zealot x2, Templar Archives  
  76  6:33  Zealot  
  76  6:34  Zealot  
  80  6:44  Colossus (Chrono Boost)  
  86  6:52  Pylon  
  86  6:53  Zealot  
  86  6:54  Observer  
  88  6:57  Extended Thermal Lance  
  88  6:59  Zealot  
  90  7:06  Zealot x2  
  94  7:15  Observer  
  94  7:18  Shield Battery  
  94  7:19  Shield Battery  
  94  7:20  Zealot x2  
  98  7:27  High Templar x2  
  98  7:29  Zealot x2  
  106  7:32  Archon  
  106  7:38  Observer (Chrono Boost)  
  104  7:51  Zealot x4  
  105  7:59  Colossus  
  109  8:14  High Templar x2, Zealot x2  
  109  8:17  Pylon  
  109  8:18  Archon  
  117  8:21  Pylon  
  117  8:26  Protoss Ground Weapons Level 2 (Chrono Boost)  
  117  8:32  Pylon  
  117  8:33  Pylon  
  117  8:39  Stalker  
  117  8:41  Zealot x3  
  117  8:47  Zealot x2  
  125  9:05  Zealot x4  
  133  9:11  High Templar x2  
  133  9:15  Archon  
  137  9:19  Pylon  
  137  9:21  Pylon  
  137  9:24  Observer  
  138  9:33  Zealot  
  139  9:40  Zealot x3  
  115  9:58  High Templar x2, Zealot  
  106  10:06  Archon  
Show
View Real Time Build Order
Export as new Build Order

ShoWTimE Protoss - Winner!

Build Orders: Phoenix Opening 

Get SALT Encoding   

  12  0:00  Probe  
  13  0:12  Probe  
  14  0:17  Pylon  
  14  0:24  Probe (Chrono Boost)  
  15  0:36  Probe (Chrono Boost), Gateway  
  16  0:44  Probe (Chrono Boost)  
  16  0:46  Assimilator  
  17  0:51  Probe  
  17  0:57  Assimilator  
  18  1:03  Probe (Chrono Boost)  
  19  1:08  Gateway  
  19  1:13  Probe (Chrono Boost)  
  19  1:18  Probe (Chrono Boost)  
  20  1:25  Cybernetics Core  
  21  1:30  Probe  
  22  1:37  Pylon  
  22  1:42  Probe  
  23  1:55  Probe  
  23  2:00  Warp Gate (Chrono Boost)  
  24  2:01  Stalker x2  
  24  2:08  Probe  
  29  2:16  Pylon  
  29  2:32  Sentry  
  29  2:34  Sentry  
  33  2:46  Nexus  
  33  2:50  Probe  
  34  3:02  Probe (Chrono Boost)  
  34  3:03  Shield Battery  
  35  3:05  Phoenix  
  35  3:10  Pylon  
  34  3:14  Probe (Chrono Boost)  
  35  3:21  Probe (Chrono Boost)  
  35  3:22  Forge  
  36  3:29  Probe  
  37  3:41  Probe, Sentry  
  40  3:44  Phoenix  
  40  3:55  Protoss Ground Weapons Level 1  
  41  3:56  Probe (Chrono Boost)  
  41  3:59  Probe (Chrono Boost)  
  42  4:03  Adept  
  42  4:04  Adept  
  42  4:08  Probe (Chrono Boost)  
  42  4:09  Probe (Chrono Boost)  
  48  4:13  Probe (Chrono Boost)  
  49  4:17  Probe  
  49  4:18  Robotics Facility  
  49  4:22  Twilight Council  
  50  4:25  Probe  
  50  4:29  Probe  
  50  4:30  Stalker  
  54  4:33  Stalker  
  54  4:37  Probe (Chrono Boost)  
  56  4:46  Probe (Chrono Boost)  
  56  4:49  Probe (Chrono Boost), Assimilator  
  56  4:51  Assimilator  
  55  4:53  Pylon, Blink (Chrono Boost)  
  55  4:55  Probe (Chrono Boost)  
  55  4:56  Probe (Chrono Boost)  
  57  5:03  Probe  
  57  5:05  Probe  
  57  5:06  Observer  
  60  5:11  Stalker  
  62  5:15  Probe, Zealot  
  62  5:20  Gateway  
  65  5:23  Gateway  
  65  5:28  Pylon  
  65  5:31  Gateway  
  65  5:33  Gateway  
  65  5:40  Pylon  
  65  5:42  Stalker  
  67  5:44  Stalker  
  69  5:54  Shield Battery  
  69  5:56  Pylon  
  69  6:07  Stalker  
  69  6:09  Phoenix  
  69  6:10  Stalker  
  73  6:17  Stalker x2  
  74  6:21  Probe x2  
  74  6:23  Protoss Ground Weapons Level 2 (Chrono Boost)  
  75  6:33  Stalker x3  
  75  6:38  Pylon  
  75  6:39  Warp Prism (Chrono Boost)  
  81  6:44  Pylon  
  83  6:52  Charge  
  83  6:56  Stalker x2  
  87  7:02  Stalker x2  
  87  7:07  Stalker  
  93  7:11  Stalker  
  95  7:17  Pylon  
  95  7:28  Stalker  
  95  7:29  Stalker x2  
  101  7:31  Stalker  
  101  7:33  Stalker  
  95  7:54  Zealot x5  
  95  7:58  Stalker x6  
  95  8:05  Observer  
  95  8:13  Robotics Bay  
  95  8:21  Nexus  
  95  8:32  Robotics Facility  
  95  8:55  Pylon  
  95  8:56  Zealot x3  
  95  8:57  Zealot x3  
  95  9:01  Disruptor (Chrono Boost)  
  110  9:03  Probe  
  110  9:04  Probe, Pylon  
  112  9:21  Zealot x4  
  120  9:25  Disruptor (Chrono Boost)  
  114  9:40  Disruptor (Chrono Boost)  
  100  9:56  Zealot x4  
  72  10:29  Assimilator  
  72  10:45  Assimilator  
  72  10:59  Nexus  

Tags
 
Add a new tag
Caveats
  • Supply blocks, unpowered buildings, or Contaminate may cause inaccurate times.
  • Supply counts are checked every 10 seconds.